 Dungeon Crawl Stone Soup version 0.20.1-1-g8b1a95d (webtiles) character file.

44 RollingDesktops the Grasshopper (level 3, -1/30 HPs)
             Began as a Draconian Warper on Jan 3, 2018.
             Was an Initiate of Ashenzari.
             Slain by a kobold
             ... wielding a +0 short sword
              (4 damage)
             ... on level 2 of the Dungeon.
             The game lasted 00:06:58 (1175 turns).

RollingDesktops the Grasshopper (Draconian Warper)  Turns: 1175, Time: 00:07:04

Health: -1/30      AC:  5    Str: 13    XL:     3   Next: 39%
Magic:  6/6        EV:  9    Int: 14    God:    Ashenzari [......]
Gold:   37         SH:  6    Dex: 10    Spells: 6/6 levels left

rFire    . . .     SeeInvis .   a - +0 spear
rCold    . . .     Gourm    .   h - +0 shield
rNeg     . . .     Faith    .   (armour unavailable)
rPois    .         Spirit   .   (helmet restricted)
rElec    .         Reflect  .   (no cloak)
rCorr    .         Harm     .   (no gloves)
MR       .....                  (no boots)
Stlth    +.........             (no amulet)
Regen    0.1/turn               i - -4 ring of slaying (curse)
MPRegen  0.1/turn               (no ring)

@: very slightly contaminated
A: unfitting armour, cold-blooded, AC +5
a: Curse Item, Renounce Religion


You were on level 2 of the Dungeon.
You worshipped Ashenzari.
Ashenzari was noncommittal.
You were not hungry.

You visited 1 branch of the dungeon, and saw 2 of its levels.

You collected 37 gold pieces.

Inventory:

Hand Weapons
 a - a +0 spear (weapon)
Missiles
 d - 5 tomahawks of dispersal (quivered)
 e - 67 bolts
Armour
 h - a +0 shield (worn)
Jewellery
 i - a cursed -4 ring of slaying (left hand)
Potions
 j - a potion of degeneration {unknown}
Books
 b - a book of Spatial Translocations

   Spells                             Type                      Level
   a - Blink                          Translocation                2
   b - Shroud of Golubria             Charms/Translocation         2
   c - Lesser Beckoning               Translocation                3
   d - Gell's Gravitas                Translocation                3
   e - Teleport Other                 Translocation                3
   f - Passage of Golubria            Translocation                4
Comestibles
 g - a meat ration


   Skills:
 + Level 2.5 Fighting
 + Level 2.8 Polearms
 + Level 1.1 Throwing
 + Level 2.4 Dodging
 + Level 0.2 Stealth
 + Level 2.3 Spellcasting
   Level 3.0 Translocations


You had 6 spell levels left.
You didn't know any spells.

Dungeon Overview and Level Annotations

Branches:
Dungeon (2/15)

Altars:
Ashenzari
Ru
Sif Muna
Zin
The Shining One


Innate Abilities, Weirdness & Mutations

Your plain brown scales are hard. (AC +5)
You cannot fit into any form of body armour.
You are cold-blooded and may be slowed by cold attacks.


Message History

The bat hits you but does no damage. The kobold hits you.
* * * LOW HITPOINT WARNING * * *
The kobold misses you.
You barely miss the kobold.
Your tail-slap misses the kobold.
You block the bat's attack. The kobold hits you.
* * * LOW HITPOINT WARNING * * *
You block the kobold's attack. The kobold misses you.
You closely miss the kobold. The bat hits you.
* * * LOW HITPOINT WARNING * * *
The kobold hits you with a short sword.
* * * LOW HITPOINT WARNING * * *
You block the frilled lizard's attack. You block the kobold's attack.
The bat barely misses you.
You hit the kobold but do no damage.
Your tail-slap misses the kobold.
The bat hits you but does no damage. You block the kobold's attack.
The frilled lizard unfolds its giant frill.
The frilled lizard barely misses you. The kobold hits you.
* * * LOW HITPOINT WARNING * * *
The kobold hits you with a short sword.
You die...

#............)....'.....'....
#.#######.#########.....#####
#.##.......# #.....# #..
#.##.####..# ####### #..
#.#*,#.....################..
#.##,#.#.....K...............
*,*#.#......g####.###########
*,*#..<...rKK# #.#,,,,,,,*
*,*####...ll@# #.#,*****,*
*,,.......b.## #K#,* *,*
***####.....# #.#,*****,*
*,,..'.....# #K#,,,,,*,*
*,*###.....#* #g#****,*,* *,*
##.....####.# *,*,* *,*
#........#.# *,*,* *,*
#........#.# *,*,* *,*
*.....#..#ยง#****+*,*


You could see a quokka, a hobgoblin, a bat, 3 kobolds and 2 frilled lizards.

Vanquished Creatures
  An ooze (D:2)
  2 dart slugs (D:1)
  A leopard gecko (D:1)
  A giant cockroach (D:2)
  4 goblins
  2 hobgoblins
  8 jackals
  2 bats
  A frilled lizard (D:1)
  4 kobolds
  7 rats
33 creatures vanquished.

Notes
Turn   | Place    | Note
-------+----------+-------------------------------------------
     0 | D:1      | RollingDesktops the Draconian Warper began the quest for the Orb.
     0 | D:1      | Reached XP level 1. HP: 17/17 MP: 3/3
   117 | D:1      | Reached skill level 1 in Throwing
   143 | D:1      | Reached XP level 2. HP: 11/25 MP: 5/5
   362 | D:1      | Found a shattered altar of Ashenzari.
   367 | D:1      | Became a worshipper of Ashenzari the Shackled
   565 | D:2      | Reached XP level 3. HP: 21/30 MP: 6/6
   632 | D:2      | Found a glowing silver altar of Zin.
   648 | D:2      | Found a deep blue altar of Sif Muna.
   657 | D:2      | Found a sacrificial altar of Ru.
   722 | D:2      | Found a glowing golden altar of the Shining One.
  1175 | D:2      | Slain by a kobold

Skill      XL: |  1 |
---------------+----+-----
Throwing       | 1 |  1.1
Fighting       | |  2.5
Polearms       | |  2.8
Dodging        | |  2.4
Stealth        | |  0.2
Spellcasting   | |  2.3
Translocations | |  3.0

Action                   || total
-------------------------++-------
Melee: Spear             ||   140
       Tailslap          ||     7
  Use: Scroll            ||     6
  Eat: Bread ration      ||     1
Armor: Skin              ||    50
Dodge: Dodged            ||    74
Block: Shield            ||    53
